 Dungeon Crawl Stone Soup version 0.29-a0-1016-g236c7fd91e (webtiles) character file.

Game seed: 8735396725760775997

37301 gelatine the Thaumaturge (level 13, -33/86 HPs)
             Began as a Demonspawn Fire Elementalist on Aug 10, 2022.
             Blown up by an orb spider (54 damage)
             ... with an orb of destruction
             ... on level 1 of the Spider Nest.
             The game lasted 01:32:43 (23888 turns).

gelatine the Thaumaturge (DsFE)                    Turns: 23888, Time: 01:32:43

Health: -33/86     AC: 17    Str: 16    XL:     13   Next: 57%
Magic:  28/28      EV: 14    Int: 21    God:
Gold:   816        SH:  8    Dex: 14    Spells: 18/34 levels left

rFire   + . .      SeeInvis .   S - staff of poison
rCold   x . .      Faith    .   (no shield)
rNeg    . . .      Spirit   .   L - +1 steam dragon scales
rPois   +          Reflect  .   (helmet restricted)
rElec   .          Harm     .   u - +1 cloak
rCorr   .          Rampage  .   n - +1 pair of gloves
Will    .....      Clarity  +   U - +1 pair of boots
Stlth   +++.......              T - amulet of magic regeneration
HPRegen 0.24/turn               y - ring "Vugizu" {Fire Str+7}
MPRegen 0.61/turn               t - +4 ring of protection

@: no status effects
A: horns 2, large bone plates 3, demonic guardian 1, powered by pain 2, clarity,
wild magic 1
a: no special abilities


You were on level 1 of the Spider Nest.
You visited 4 branches of the dungeon, and saw 17 of its levels.
You also visited: Ossuary.

You collected 1406 gold pieces.
You spent 590 gold pieces at shops.

Inventory:

Hand Weapons
 Q - the +3 lajatang "Deps" {drain, rN+}
   (You acquired it on level 10 of the Dungeon)

   A truly terrible weapon, it drains the life of any living foe it strikes.
   rN:        It protects you from negative energy.
Missiles
 q - 22 poisoned darts
 s - 2 atropa-tipped darts
 D - a curare-tipped dart
Armour
 n - a +1 pair of gloves (worn)
 u - a +1 cloak (worn)
 w - the +1 robe "Wotuon" {rF+ rC+ Will+ Str+4 Int-4}
   (You found it on level 1 of the Lair of Beasts)

   Str:       It affects your strength (+4).
   Int:       It affects your intelligence (-4).
   rF:        It protects you from fire.
   rC:        It protects you from cold.
   Will:      It increases your willpower.
 x - an orb of light
 L - +1 steam dragon scales (worn)
 U - a +1 pair of boots (worn)
Magical Staves
 E - a staff of fire
 S - a staff of poison (weapon)
Jewellery
 c - an amulet of the acrobat
 f - a ring of ice
 k - a +6 ring of strength
 o - a ring of positive energy
 t - a +4 ring of protection (right hand)
 y - the ring "Vugizu" (left hand) {Fire Str+7}
   (You acquired it on level 3 of the Lair of Beasts)

   [ring of fire]

   It enhances your fire magic.
   Str:       It affects your strength (+7).
   rF:        It protects you from fire.
   rC:        It makes you vulnerable to cold.
 F - a ring of ice
 M - a ring of poison resistance
 N - a +6 ring of dexterity
 T - an amulet of magic regeneration (around neck)
 W - an amulet of guardian spirit
 X - a ring of wizardry
 Y - a +4 ring of protection
Wands
 A - a wand of acid (5)
 P - a wand of charming (13)
 V - a wand of polymorph (16)
 Z - a wand of iceblast (5)
Scrolls
 e - 3 scrolls of immolation
 h - 4 scrolls of poison
 l - a scroll of enchant weapon
 m - 5 scrolls of identify
 p - 3 scrolls of amnesia
 v - a scroll of brand weapon
 z - 2 scrolls of teleportation
 B - a scroll of magic mapping
 C - a scroll of silence
 G - 2 scrolls of fear
 O - a scroll of vulnerability
Potions
 b - 3 potions of magic
 g - 6 potions of curing
 i - 6 potions of might
 j - 2 potions of invisibility
 r - 4 potions of mutation
 H - 8 potions of haste
 I - a potion of brilliance
 J - 2 potions of flight
 K - a potion of resistance
 R - a potion of cancellation
Miscellaneous
 a - a phantom mirror
 d - a phial of floods (inert)


   Skills:
 + Level 3.2 Fighting
 + Level 1.0 Short Blades
 * Level 8.3 Staves
 + Level 3.3 Armour
 + Level 5.0 Dodging
 + Level 4.0 Stealth
 + Level 2.8 Shields
 + Level 11.1 Spellcasting
 + Level 7.9 Conjurations
 + Level 10.9 Fire Magic
 * Level 8.8 Evocations


You had 18 spell levels left.
You knew the following spells:

 Your Spells              Type           Power      Damage    Failure   Level
a - Foxfire               Conj/Fire      100%       2x1d9     1%          1
b - Scorch                Fire           100%       2d10      1%          2
c - Conjure Flame         Conj/Fire      79%        6-21      1%          3
d - Inner Flame           Hex/Fire       61%        N/A       3%          3
e - Flame Wave            Conj/Fire      79%        2d17      2%          4
f - Ignite Poison         Fire/Tmut/Pois 68%        N/A       6%          3

Your spell library contained the following spells:

 Spells                   Type           Power      Damage    Failure   Level
 Call Imp                 Summ           15%        N/A       13%         2
 Call Canine Familiar     Summ           15%        N/A       24%         3
 Starburst                Conj/Fire      39%        6d11      26%         6
 Anguish                  Hex/Necr       7%         N/A       58%         4
 Animate Armour           Summ/Erth      30%        N/A       58%         4
 Corpse Rot               Necr/Pois/Air  22%        N/A       58%         4
 Dispel Undead            Necr           15%        3d10      58%         4
 Summon Ice Beast         Ice/Summ       15%        N/A       58%         4
 Blade Hands              Tmut           7%         N/A       89%         5
 Summon Mana Viper        Hex/Summ       15%        N/A       89%         5
 Iron Shot                Conj/Erth      18%        9d4       90%         6
 Ignition                 Fire           42%        3d12      99%         8
 Death Channel            Necr           7%         N/A       100%        6
 Enfeeble                 Hex            7%         N/A       100%        7
 Spellforged Servitor     Conj/Summ      18%        N/A       100%        7
 Fire Storm               Conj/Fire      39%        8d10      100%        9


Dungeon Overview and Level Annotations

Branches:
Dungeon (10/15)            Temple (0/1) D:4            Lair (5/5) D:10
 Shoals (1/4) Lair:2       Spider (1/4) Lair:3          Orc (0/2) D:10
Ossuary (visited)
  Slime: Lair:4-5

Altars:
Ashenzari
Fedhas
Gozag
Hepliaklqana
Kikubaaqudgha
Makhleb
Okawaru
Qazlal
Ru
Sif Muna
Trog
Wu Jian
Xom

Shops:
D:5 *

Annotations:
D:9 3 runed translucent doors, purpskrrrp's ghost, novice FoHu
Spider:1 1 transporter


Innate Abilities, Weirdness & Mutations

You have a pair of horns on your head.
You are completely covered in large bone plates. (SH +8)
A weak demonic guardian rushes to your aid.
You sometimes gain power by taking damage.
You possess an exceptional clarity of mind.
Your spells are a little harder to cast, but a little more powerful.


Message History

The foxfire hits the wolf spider!
The wolf spider is moderately wounded.
The foxfire hits the wolf spider.
The wolf spider is moderately wounded.
Casting: Foxfire (safe; 1% risk of failure)
Confirm with . or Enter, or press ? or * to list all spells.
You feel a surge of power!
Flames lash the orb spider.
The orb spider is moderately wounded.
The orb spider's fire resistance burns away.
The wolf spider hits you but does no damage.
You block the wolf spider's attack.
Casting: Scorch (safe; 1% risk of failure)
Confirm with . or Enter, or press ? or * to list all spells.
You feel a surge of power!
Flames lash the orb spider.
The orb spider is burned terribly!
The orb spider is heavily wounded.
The wolf spider misses you. The wolf spider bites you!
* * * LOW HITPOINT WARNING * * *
The orb spider spins a strand of pure energy.
You block the wolf spider's attack. The wolf spider bites you!
* * * LOW HITPOINT WARNING * * *
A demonic guardian appears!
Your white imp closely misses the wolf spider.
You feel better. The wolf spider hits you.
* * * LOW HITPOINT WARNING * * *
The wolf spider bites you.
* * * LOW HITPOINT WARNING * * *
You are lethally poisoned!
The wolf spider poisons you! The wolf spider hits you!
* * * LOW HITPOINT WARNING * * *
You block the wolf spider's attack.
Your white imp completely misses the wolf spider.
The orb spider weaves a glowing orb of energy.
An orb of destruction comes into view.
You feel better. You block the wolf spider's attack.
The wolf spider closely misses you.
Your white imp barely misses the wolf spider.
You feel better. The orb of destruction hits you!!!
Ouch! That really hurt!
You die...

##### #### ### ##.#.## .
#.#.####^#####.....# ..
#....##...#.#.....## ##.
#....##.....###....# #...
#...# ##^...#....### #...
#(.####^.s.....###
##...##..#^.#○°..#....##
#.....<.....@s.#.###s..###
#..>#.........5###...s.#.#
... #.##....#.## ##§.....#
. ###.....### ###....# ..
#......## ##..†.###..
##.#....# #........).
###....# ###..©..#s.
#..#### #..©..#
#####...>.## #######


You could see a wolf spider (ally target), an orb spider (combustible) and a
friendly white imp (summoned).

Vanquished Creatures
  A kraken (Shoals:1)
  Gastronok (Lair:3)
  A boulder beetle (Spider:1)
  2 hydras
  A centaur warrior (D:9)
  A radroach (Spider:1)
  2 two-headed ogres
  Erica (Lair:1)
  2 sea snakes (Shoals:1)
  An orb spider (Lair:3)
  8 harpies (Shoals:1)
  An oklob plant (Lair:1)
  A manticore (Shoals:1)
  An ugly thing (D:9)
  5 elephants (Lair:3)
  2 black mambas
  A torpor snail (Lair:5)
  11 cane toads
  3 rime drakes
  3 komodo dragons
  A tengu conjurer (D:10)
  5 merfolk (Shoals:1)
  2 wind drakes (Shoals:1)
  A polar bear (Lair:3)
  3 trolls
  3 blink frogs (Lair:1)
  2 tarantellas (Spider:1)
  2 snapping turtles (Shoals:1)
  2 water elementals (Shoals:1)
  2 culicivoras (Spider:1)
  7 wyverns
  19 yaks
  A basilisk (Lair:1)
  2 redbacks (Spider:1)
  A steam dragon (D:9)
  2 vampire mosquitoes (D:10)
  13 water moccasins
  5 black bears
  3 ice beasts (D:5)
  4 orc warriors
  3 ogres
  4 centaurs
  22 wolves
  A kobold brigand (D:8)
  15 bullfrogs
  A gnoll sergeant (D:10)
  4 scorpions
  3 wights (D:7)
  4 howler monkeys
  6 electric eels
  5 hounds
  A jelly (D:4)
  5 orc priests
  Terence (D:3)
  Ijyb (D:3)
  10 iguanas
  11 orc wizards
  8 mummies (Ossuary)
  9 gnolls
  3 adders
  2 white imps
  2 ufetubi
  2 worms
  5 dart slugs
  24 orcs
  7 ball pythons
  8 endoplasms
  3 giant cockroaches
  9 hobgoblins
  3 jackals (D:3)
  8 quokkas
  6 bats
  A frilled lizard (D:3)
  A gnoll zombie (Ossuary)
  11 goblins
  A goblin zombie (D:7)
  2 hobgoblin zombies (Ossuary)
  13 kobolds
  2 kobold zombies (Ossuary)
  3 orc zombies (Ossuary)
  5 rats
  A bush (Lair:1)
  2 tentacles (Shoals:1)
367 creatures vanquished.

Vanquished Creatures (collateral kills)
  A cane toad (Lair:2)
  A gnoll (D:10)
  14 foxfires
16 creatures vanquished.

Vanquished Creatures (others)
  A bush (Lair:2)
  1544 foxfires
  18 fungi
  92 plants
  18 tentacles (Shoals:1)
1673 creatures vanquished.

Grand Total: 2056 creatures vanquished

Notes
Turn   | Place    | Note
-------+----------+-------------------------------------------
     0 | D:1      | gelatine the Demonspawn Fire Elementalist began the quest
                  | for the Orb.
     0 | D:1      | Reached XP level 1. HP: 13/13 MP: 3/3
   224 | D:1      | Found a faded altar of an unknown god.
   314 | D:1      | Gained mutation: You have a pair of small horns on your
                  | head. [demonic ancestry]
   314 | D:1      | Reached XP level 2. HP: 19/19 MP: 0/5
   963 | D:1      | Gained mutation: You are partially covered in large bone
                  | plates. (SH +4) [demonic ancestry]
   963 | D:1      | Reached XP level 3. HP: 24/24 MP: 3/6
  2875 | D:3      | Reached XP level 4. HP: 30/30 MP: 1/7
  3191 | D:3      | Found a hazy altar of Hepliaklqana.
  3230 | D:3      | Found a stormy altar of Qazlal.
  3282 | D:3      | Noticed Terence
  3297 | D:3      | Killed Terence
  3381 | D:3      | Found an opulent altar of Gozag.
  3602 | D:3      | Found a shimmering blue altar of Sif Muna.
  3603 | D:3      | Noticed Ijyb
  3616 | D:3      | Killed Ijyb
  3617 | D:3      | Reached skill level 3 in Spellcasting
  3708 | D:3      | Found a shimmering altar of Xom.
  3708 | D:3      | Found an ancient bone altar of Kikubaaqudgha.
  3708 | D:3      | Found an iron altar of Okawaru.
  3708 | D:3      | Found a burning altar of Makhleb.
  3709 | D:3      | Found a sacrificial altar of Ru.
  3710 | D:3      | Found an ornate altar of the Wu Jian Council.
  3909 | D:3      | Found a bloodstained altar of Trog.
  3915 | D:3      | Reached XP level 5. HP: 35/35 MP: 4/9
  4643 | D:4      | Noticed an ogre
  4651 | D:4      | Killed an ogre
  4652 | D:4      | Gained mutation: You sometimes gain a little power by
                  | taking damage. [demonic ancestry]
  4652 | D:4      | Reached XP level 6. HP: 41/41 MP: 3/11
  4655 | D:4      | Learned a level 2 spell: Scorch
  4770 | D:4      | Gained mutation: You have supernaturally acute eyesight.
                  | (SInv) [potion of mutation]
  5199 | D:4      | Reached skill level 4 in Spellcasting
  5322 | D:4      | Reached skill level 5 in Fire Magic
  5370 | D:4      | Found a staircase to the Ecumenical Temple.
  5389 | D:4      | Gained mutation: You have a pair of horns on your head.
                  | [demonic ancestry]
  5389 | D:4      | Reached XP level 7. HP: 46/46 MP: 8/13
  5578 | D:4      | Reached skill level 1 in Armour
  5666 | D:4      | Found a broken altar of Ashenzari.
  6299 | D:5      | Entered Level 5 of the Dungeon
  6309 | D:5      | Found a transporter.
  6387 | D:5      | Found a transporter.
  7102 | D:5      | Found Ziemin's General Store.
  7213 | D:5      | Reached skill level 1 in Shields
  7213 | D:5      | Reached XP level 8. HP: 29/53 MP: 10/15
  7422 | D:5      | Reached skill level 5 in Spellcasting
  7612 | D:5      | Reached skill level 1 in Fighting
  8577 | D:6      | Reached skill level 1 in Short Blades
  8577 | D:6      | Reached skill level 1 in Evocations
  9085 | D:7      | Got the Compilation of Conflagrant Convocation
  9115 | D:7      | Found a sand-covered staircase.
  9127 | Ossuary  | Entered an ossuary
  9145 | Ossuary  | Reached skill level 1 in Staves
  9150 | Ossuary  | Reached skill level 6 in Spellcasting
  9595 | D:5      | Bought a scroll of acquirement for 520 gold pieces
  9595 | D:5      | Bought a scroll of identify for 20 gold pieces
  9595 | D:5      | Bought a potion of heal wounds for 50 gold pieces
  9633 | D:5      | Acquired gelatine's Folio of Attendants and Flames
  9639 | D:5      | Learned a level 3 spell: Conjure Flame
  9643 | D:5      | Learned a level 3 spell: Inner Flame
  9648 | D:5      | Learned a level 4 spell: Flame Wave
  9655 | D:5      | Gained mutation: You sometimes gain power by taking damage.
                  | [demonic ancestry]
  9655 | D:5      | Reached XP level 9. HP: 22/59 MP: 16/18
 10480 | D:7      | Lost mutation: You have supernaturally acute eyesight.
                  | (SInv) [potion of mutation]
 10480 | D:7      | Gained mutation: Your spells are a little harder to cast,
                  | but a little more powerful. [potion of mutation]
 10480 | D:7      | Gained mutation: You possess an exceptional clarity of
                  | mind. [potion of mutation]
 11002 | D:8      | Found a blossoming altar of Fedhas.
 11225 | D:8      | Found a transporter.
 11232 | D:8      | Found a transporter.
 11501 | D:8      | Found a transporter.
 11502 | D:8      | Found a transporter.
 11520 | D:8      | Found a transporter.
 11525 | D:8      | Found a transporter.
 11531 | D:8      | Noticed a two-headed ogre
 11548 | D:7      | Killed a two-headed ogre
 12257 | D:9      | Reached skill level 7 in Spellcasting
 12579 | D:9      | Found a runed translucent gate.
 12579 | D:9      | Found a runed translucent gate.
 12579 | D:9      | Found a runed translucent gate.
 12580 | D:9      | Noticed a freezing wraith
 12580 | D:9      | Noticed purpskrrrp's ghost (novice FoHu)
 12593 | D:9      | Gained mutation: A weak demonic guardian rushes to your
                  | aid. [demonic ancestry]
 12593 | D:9      | Reached XP level 10. HP: 57/67 MP: 20/20
 12602 | D:9      | Reached skill level 5 in Conjurations
 12925 | D:9      | Noticed a two-headed ogre
 12932 | D:9      | Killed a two-headed ogre
 12991 | D:9      | Noticed a centaur warrior
 13000 | D:9      | Killed a centaur warrior
 13001 | D:9      | Reached skill level 5 in Evocations
 13056 | D:9      | Noticed a green ugly thing
 13065 | D:9      | Killed a green ugly thing
 13265 | D:9      | Reached skill level 8 in Spellcasting
 13706 | D:9      | Noticed a four-headed hydra
 13706 | D:9      | Noticed a two-headed ogre
 14065 | D:10     | Entered Level 10 of the Dungeon
 14165 | D:10     | Gained mutation: You are mostly covered in large bone
                  | plates. (SH +6) [demonic ancestry]
 14165 | D:10     | Reached XP level 11. HP: 43/72 MP: 12/23
 14331 | D:10     | Reached skill level 5 in Staves
 14541 | D:10     | Found a staircase to the Lair.
 15271 | D:10     | Found a staircase to the Orcish Mines.
 15305 | Lair:1   | Entered Level 1 of the Lair of Beasts
 15822 | Lair:1   | Noticed Erica
 15827 | Lair:1   | Killed Erica
 15828 | Lair:1   | Reached skill level 9 in Spellcasting
 15967 | Lair:1   | Identified the +1 robe "Wotuon" {rF+ rC+ Will+ Str+4 Int-4}
 17082 | Lair:1   | Noticed an oklob plant
 17671 | Lair:1   | Killed an oklob plant
 17797 | Lair:2   | Learned a level 3 spell: Ignite Poison
 17905 | Lair:2   | Reached XP level 12. HP: 80/80 MP: 19/25
 18076 | Lair:2   | Noticed a six-headed hydra
 18083 | Lair:2   | Killed a six-headed hydra
 18981 | Lair:2   | Found a staircase to the Shoals.
 19136 | Shoals:1 | Entered Level 1 of the Shoals
 19160 | Shoals:1 | HP: 2/80 [snapping turtle (11)]
 19489 | Shoals:1 | Reached skill level 10 in Spellcasting
 19625 | Shoals:1 | Identified the +2 leather armour of Zuippag {Stlth+}
 19839 | Shoals:1 | Noticed a kraken
 20240 | Shoals:1 | Reached skill level 10 in Fire Magic
 20757 | Shoals:1 | Killed a kraken
 21098 | Lair:3   | Gained mutation: You are completely covered in large bone
                  | plates. (SH +8) [demonic ancestry]
 21098 | Lair:3   | Reached XP level 13. HP: 83/86 MP: 21/27
 21800 | Lair:3   | Acquired the +3 lajatang "Deps" {drain, rN+}
 21801 | Lair:3   | Acquired the ring "Vugizu" {Fire Str+7}
 21850 | Lair:3   | Noticed Gastronok
 21868 | Lair:3   | Killed Gastronok
 21869 | Lair:3   | Reached skill level 5 in Dodging
 22190 | Lair:3   | You fall into a shaft and drop 2 floors!
 22190 | Lair:5   | Entered Level 5 of the Lair of Beasts
 22465 | Lair:5   | Reached skill level 11 in Spellcasting
 23080 | Lair:3   | Found a hole to the Spider Nest.
 23465 | Spider:1 | Entered Level 1 of the Spider Nest
 23528 | Spider:1 | Identified the +3 leather armour of Otamat {rPois rC- Str+2
                  | Dex+3}
 23791 | Spider:1 | Found a transporter.
 23793 | Spider:1 | Found a transporter.
 23866 | Spider:1 | Noticed an entropy weaver
 23888 | Spider:1 | Blown up by an orb spider

Illustrated notes

Levels and vault maps discovered:
D:1:      dpeg_arrival_fog, layout_loops_ring,
          hellmonk_ecumenical_altar_arch_garden
D:2:      layout_basic, nrook_campfire, solitary_fountain, minmay_circle_x
D:3:      layout_loops_cross, trog_butcher_becter, minitemple,
          lemuel_tele_altar, nicolae_overflow_hidden_temple,
          nicolae_gozag_seed_capital, uniq_terence, uniq_ijyb
D:4:      layout_loops_corners, lemuel_round_altar, minmay_temple_entry_mist
D:5:      gammafunk_steamed_eel, layout_basic, kennysheep_small_circle
D:6:      layout_basic, lemuel_coloured_pillars_altar, grunt_decor_fettered,
          hangedman_abyss_or_decor_stabs
D:7:      layout_basic, enter_ossuary_3
D:8:      layout_loops_cross, mainiacjoe_overflow_chevrons,
          serial_nicolae_subway, nicolae_sub_station_stone,
          nicolae_sub_station_crystal, nicolae_sub_station_metal
D:9:      kennysheep_blocky_room, layout_basic, gammafunk_ghost_spectres,
          chequers_big_river, lightli_corner_chamber
D:10:     layout_loops_ring, minmay_lair_entry_grove
Lair:1:   beast_lair_carwin_large_3, layout_layer_cave, lemuel_fruit_tree,
          uniq_erica
Lair:2:   layout_cave_pods, shoals_dummy_entry, lemuel_old_faithful,
          grunt_megastairs_2, infiniplex_staircase_pool_2, serial_bayou_shore_b,
          serial_bayou_shore_b
Lair:3:   layout_loops_ring, nicolae_spider_entry_orb_guardian, minivault_24,
          uniq_gastronok
Lair:4:   layout_regular_city, slime_entry_1, basic_altar,
          serial_bayou_lagoon_a, serial_bayou_shore_b
Lair:5:   minmay_lair_end_enchanted_forest, layout_cave_pods, serial_forest,
          infiniplex_forest_straight_4, infiniplex_forest_straight_4,
          infiniplex_forest_clump_curved, infiniplex_forest_end_1,
          infiniplex_forest_lined_3, infiniplex_forest_corner_1,
          infiniplex_forest_corner_2, infiniplex_forest_lined_ring,
          nicolae_lair_lil_pond, chequers_serial_rivers_micro_d
Shoals:1: layout_shoals, ldierk_geyser
Spider:1: gammafunk_boulding_lane, hangedman_spider_tarantella_strand

Skill      XL: |  1  2  3  4  5  6  7  8  9 10 11 12 13 |
---------------+----------------------------------------+-----
Fire Magic     | 3 4 5 6 7 8 9 10 | 10.9
Stealth        | 2 3 4 |  4.0
Dodging        | 2 3 4 5 |  5.0
Spellcasting   | 3 4 6 7 8 9 10 11 | 11.1
Conjurations   | 2 3 4 5 6 7 |  7.9
Armour         | 1 2 3 |  3.3
Shields        | 1 2 |  2.8
Fighting       | 1 2 3 |  3.2
Short Blades   | 1 |  1.0
Evocations     | 1 3 5 7 8 |  8.8
Staves         | 1 3 4 6 7 8 |  8.3

Action                   |  1- 3 |  4- 6 |  7- 9 | 10-12 | 13-15 || total
-------------------------+-------+-------+-------+-------+-------++-------
Melee: Club              |     6 |     4 |       |       |       ||    10
       Headbutt          |     1 |    10 |    12 |    33 |    13 ||    69
       Dagger            |       |    36 |    18 |       |       ||    54
       Short sword       |       |       |    19 |       |       ||    19
       Staff             |       |       |    27 |    96 |    51 ||   174
       Punch             |       |       |     1 |       |       ||     1
Throw: Dart              |       |       |       |     1 |       ||     1
 Cast: Foxfire           |   122 |   150 |   241 |   327 |   122 ||   962
       Scorch            |       |       |    47 |    85 |    32 ||   164
       Flame Wave        |       |       |     4 |    24 |     9 ||    37
       Inner Flame       |       |       |       |     1 |       ||     1
       Ignite Poison     |       |       |       |     1 |       ||     1
Evoke: Wand              |       |       |       |       |     2 ||     2
       Phial of floods   |       |       |       |       |     1 ||     1
  Use: Scroll            |       |     3 |    12 |    14 |     4 ||    33
       Potion            |       |     1 |     5 |     3 |     3 ||    12
 Stab: Sleeping          |       |       |     1 |       |       ||     1
       Distracted        |       |       |     1 |       |       ||     1
Armor: Robe              |     4 |     1 |       |       |       ||     5
       Leather armour    |       |    24 |    57 |       |       ||    81
       Steam dragon scal |       |       |     7 |    91 |    54 ||   152
Dodge: Dodged            |    22 |    51 |    70 |   173 |    57 ||   373
Block: Other             |     2 |    19 |    11 |       |    11 ||    43
       Orb               |       |       |     8 |    55 |    46 ||   109

Table legend: (Time is in decaauts)
 A = Elapsed time spent in this place.
 B = Non-inter-level travel time spent in this place.
 C = Inter-level travel time spent in this place.
 D = Time resting spent in this place.
 E = Time spent auto-exploring this place.
 F = Levels seen in this place.
 G = Mean time per level.
                   A        B        C        D        E       F      G
               +--------+--------+--------+--------+--------+-----+--------+
         Total |  24041 |  22514 |   1527 |   2667 |  16343 |  18 | 1335.6 |
       Dungeon |  14898 |  14018 |    880 |    950 |  10923 |  10 | 1489.8 |
          Lair |   6498 |   6177 |    321 |   1465 |   3902 |   5 | 1299.6 |
        Shoals |   1809 |   1512 |    297 |    247 |    902 |   1 | 1809.0 |
   Spider Nest |    422 |    394 |     28 |      5 |    284 |   1 |  422.0 |
       Ossuary |    413 |    413 |      0 |      0 |    331 |   1 |  413.0 |
               +--------+--------+--------+--------+--------+-----+--------+

Top non-repeatable levels by time:
  Lair:1: 2471 daAuts
     D:4: 2306 daAuts
     D:9: 1928 daAuts
Shoals:1: 1809 daAuts
  Lair:3: 1674 daAuts
  Lair:2: 1661 daAuts
     D:3: 1531 daAuts
     D:2: 1450 daAuts
     D:7: 1411 daAuts
     D:6: 1344 daAuts
     D:1: 1340 daAuts
     D:5: 1267 daAuts
    D:10: 1237 daAuts
     D:8: 1078 daAuts
  Lair:5: 502 daAuts
